 Dungeon Crawl Stone Soup version 0.30-a0-568-g124715a40b (webtiles) character file.

Game seed: 6664862903005569779

59 brightshaft the Shooter (level 4, -6/34 HPs)
             Began as a Barachi Hunter on Dec 28, 2022.
             Killed by divine providence
             ... invoked by an orc priest
              (9 damage)
             ... on level 3 of the Dungeon on Dec 29, 2022.
             The game lasted 00:05:14 (1127 turns).

brightshaft the Shooter (Barachi Hunter)            Turns: 1127, Time: 00:05:15

Health: -6/34      AC:  5    Str: 12    XL:     4   Next: 3%
Magic:  4/4        EV: 12    Int:  9    God:
Gold:   131        SH:  0    Dex: 18    Spells: 3/3 levels left

rFire   . . .      SeeInvis .    a - +1 shortbow
rCold   . . .      Faith    .    (shield currently unavailable)
rNeg    . . .      Spirit   .    c - +0 leather armour
rPois   .          Reflect  .    j - +1 helmet
rElec   .          Harm     .    (no cloak)
rCorr   .          Rampage  .    (no gloves)
Will    .....                    (no boots)
Stlth   ++                       (no amulet)
HPRegen 0.25/turn                (no ring)
MPRegen 0.09/turn                (no ring)

@: unable to hop, slow
A: amphibious, slowness 1, strong legs 1, +LOS
a: Hop


You were on level 3 of the Dungeon.
You visited 1 branch of the dungeon, and saw 4 of its levels.

You collected 131 gold pieces.

Inventory:

Hand Weapons
 a - a +1 shortbow (weapon)
Armour
 c - a +0 leather armour (worn)
 g - a +0 ring mail
 j - a +1 helmet (worn)
Scrolls
 b - a scroll of immolation
 d - a scroll of teleportation {@r4}
Potions
 e - a potion of ambrosia {unknown}
 f - a potion of heal wounds {unknown}
 h - 2 potions of degeneration {unknown}
 i - 2 potions of brilliance {unknown}
 k - a potion of flight {unknown}
 m - 3 potions of might


   Skills:
 - Level 2.4 Fighting
 + Level 5.5 Ranged Weapons
 - Level 2.1 Dodging
 - Level 0.8 Stealth


You had 3 spell levels left.
You didn't know any spells.
Your spell library contained the following spells:

 Spells                   Type           Power      Damage    Failure   Level
 Tukima's Dance           Hex            0%         N/A       83%         3
 Passage of Golubria      Tloc           0%         N/A       99%         4
 Yara's Violent Unravell  Hex/Tmut       0%         3d3       100%        5


Dungeon Overview and Level Annotations

Branches:
Dungeon (4/15)
 Temple: D:4-7

Altars:


Innate Abilities, Weirdness & Mutations

You are amphibious.
You cover ground slowly.
You can hop short distances.
You have an extended range of vision and can be seen from far away.


Message History

The orc priest begins to cast a cantrip, but forgets the words!
You shoot an arrow. The arrow barely misses the orc priest.
The arrow hits the orc but does no damage.
You hear a shout!
An orc comes into view.
It is wielding a +2 trident of protection.
The orc priest looks encouraged for a moment.
You shoot an arrow. The arrow hits the orc priest.
The orc priest is lightly wounded.
An orc comes into view. It is wielding a +0 hand axe.
You shoot an arrow. The arrow hits the orc priest!
The orc priest is severely wounded.
The orc priest looks encouraged for a moment.
You shoot an arrow. The arrow barely misses the orc priest.
The arrow closely misses the orc.
A magic dart appears from out of thin air!
The magic dart hits you.
You shoot an arrow. The arrow hits the orc priest.
The orc priest is almost dead.
The orc misses you.
The orc priest mumbles some strange prayers to Beogh against you.
Pain shoots through your body! The orc completely misses you.
The orc closely misses you.
The orc priest hits you but does no damage.
The orc closely misses you.
You are too injured to fight recklessly!
You are too injured to fight recklessly!
You are too injured to fight recklessly!
Fire: a) +1 shortbow
Press: ? - help, Shift-Dir - straight line, f/p - orc priest
Aim: an orc priest, wielding a +0 club (almost dead, 65% to hit)
You shoot an arrow. The arrow barely misses the orc priest.
The orc priest mumbles some strange prayers to Beogh against you.
Pain shoots through your body!
* * * LOW HITPOINT WARNING * * *
Hop to where?
Press: ? - help, Q - select action, (/) - cycle Dir - move target, p - orc priest Boing!
The orc priest calls down the wrath of Beogh upon you.
Beogh smites you!
You die...

#......######.# #..........)#.#
#.......#)....# #.......#.....#
#.......#.....# ####
####...#.#.....####. .#....
#....###.#..........
.......#######........###.#######
#.(.ooo....@.###...#.....#
#.o######...># #...#####.# #..
#....###...# #.# ....
#..........# #.# ###.#
####......######.# $?
#.............### ########
#########...#....... #.....# #..
.. #...#.###### #.....# #.#
#.#...#.#


You could see an orc priest and 2 orcs.

Vanquished Creatures
  A worm (D:2)
  A dart slug (D:1)
  4 orcs (D:3)
  7 ball pythons
  3 endoplasms
  5 giant cockroaches
  2 goblins (D:1)
  4 hobgoblins
  8 kobolds
  3 frilled lizards
  6 rats
44 creatures vanquished.

Notes
Turn   | Place    | Note
-------+----------+-------------------------------------------
     0 | D:1      | brightshaft the Barachi Hunter began the quest for the Orb.
     0 | D:1      | Reached XP level 1. HP: 17/17 MP: 1/1
    70 | D:1      | Reached XP level 2. HP: 23/23 MP: 2/2
   322 | D:1      | Reached XP level 3. HP: 17/28 MP: 3/3
   325 | D:1      | Reached skill level 5 in Ranged Weapons
   964 | D:2      | You fall into a shaft and drop 2 floors!
  1039 | D:3      | Reached XP level 4. HP: 33/34 MP: 4/4
  1127 | D:3      | Killed from afar by an orc priest

Illustrated notes

Levels and vault maps discovered:
D:1:      ncdulo_wetmaze, layout_basic, minmay_heptomino_l4
D:2:      layout_rooms, basic_altar
D:3:      minmay_evil_eye, layout_basic, hangedman_feature_mirror, uniq_sigmund
D:4:      layout_loops_cross, gammafunk_ghost_arena

Skill      XL: |  1  2  3 |
---------------+----------+-----
Ranged Weapons | 5 |  5.5
Fighting       | |  2.4
Dodging        | |  2.1
Stealth        | |  0.8

Action                   |  1- 3 |  4- 6 || total
-------------------------+-------+-------++-------
 Fire: Shortbow          |    90 |     8 ||    98
 Abil: Hop               |       |     1 ||     1
  Use: Scroll            |     6 |     1 ||     7
Armor: Leather armour    |     8 |     1 ||     9
Dodge: Dodged            |    15 |     4 ||    19

Table legend: (Time is in decaauts)
 A = Elapsed time spent in this place.
 B = Non-inter-level travel time spent in this place.
 C = Inter-level travel time spent in this place.
 D = Time resting spent in this place.
 E = Time spent auto-exploring this place.
 F = Levels seen in this place.
 G = Mean time per level.
                   A        B        C        D        E       F      G
               +--------+--------+--------+--------+--------+-----+--------+
         Total |   1330 |   1304 |     26 |      0 |   1048 |   4 |  332.5 |
       Dungeon |   1330 |   1304 |     26 |      0 |   1048 |   4 |  332.5 |
               +--------+--------+--------+--------+--------+-----+--------+

Top non-repeatable levels by time:
     D:1: 759 daAuts
     D:2: 375 daAuts
     D:3: 189 daAuts
     D:4: 5 daAuts
